 Dungeon Crawl Stone Soup version 0.29-a0-813-g4a14ea37d6 (webtiles) character file.

Game seed: 3799972406260737557

6337 Spectrina the Covert (level 10, -8/153 HPs)
             Began as a Naga Delver on July 4, 2022.
             Was a Believer of Sif Muna.
             Killed from afar by a shock serpent (shapeshifter) (23 damage)
             ... with a bolt of electricity
             ... on level 9 of the Dungeon.
             The game lasted 01:08:22 (4856 turns).

Spectrina the Covert (Naga Delver)                  Turns: 4856, Time: 01:08:23

Health: -8/153     AC: 25    Str: 22    XL:     10   Next: 96%
Magic:  17/17      EV:  1    Int: 12    God:    Sif Muna [**....]
Gold:   201        SH:  5    Dex: 14    Spells: 11/18 levels left

rFire   . . .      SeeInvis +   a - +8 whip "Snakebite" {venom, curare, rPois}
rCold   . . .      Faith    .   (no shield)
rNeg    . . .      Spirit   .   (body armour currently unavailable)
rPois   +          Reflect  +   (helmet currently unavailable)
rElec   .          Harm     .   (cloak currently unavailable)
rCorr   .          Rampage  .   (gloves currently unavailable)
Will    +....      NoTele   +   (no barding)
Stlth   +++++.....              R - amulet of reflection
HPRegen 0.35/turn               v - +4 ring of slaying
MPRegen 0.15/turn               K - +6 ring of strength

@: tree-form
A: stationary, stasis, torment immunity, boosted hp, AC +3, large, see
invisible, (deformed body), (poison resistance), (slowness 2), spit poison 1,
(naga tail 1)
a: Spit Poison, Renounce Religion, Channel Magic


You were on level 9 of the Dungeon.
You worshipped Sif Muna.
Sif Muna was pleased with you.
You were a tree.
You visited 1 branch of the dungeon, and saw 10 of its levels.

You collected 337 gold pieces.
You spent 136 gold pieces at shops.

Inventory:

Hand Weapons
 a - the +8 whip "Snakebite" (weapon) {venom, curare, rPois}
   (You took it off Amaemon on level 8 of the Dungeon)

   It poisons the flesh of those it strikes.
   It occasionally inflicts asphyxiating poison on those it strikes, dealing
   poison damage and causing slowness.
   rPois:     It protects you from poison.
 b - a +1 dagger of speed
 n - a +2 vorpal scythe
 z - a +0 sling
 Q - a +0 shortbow
 T - a +2 halberd of venom
Missiles
 k - 2 throwing nets
 m - 8 javelins (quivered)
 J - 4 boomerangs
Armour
 q - a scarf of resistance (melded)
 u - an orb of mayhem
 F - a +0 pair of gloves (melded)
 G - a +0 chain mail
 U - a +2 robe (melded)
 W - a +1 hat (melded)
Magical Staves
 D - a staff of conjuration
 M - a staff of cold
Jewellery
 t - a ring of willpower
 v - a +4 ring of slaying (left branch)
 A - a +6 ring of intelligence
 C - a ring of protection from cold
 K - a +6 ring of strength (right branch)
 R - an amulet of reflection (around neck)
 X - an amulet of regeneration
Wands
 g - a wand of digging (3)
 o - a wand of polymorph (6)
 y - a wand of mindburst (8)
 L - a wand of quicksilver (10)
 S - a wand of roots (10)
 V - a wand of charming (5)
Scrolls
 c - 2 scrolls of fog
 d - a scroll of magic mapping
 e - a scroll of fear
 h - 4 scrolls of immolation {unknown}
 l - a scroll of enchant weapon
 r - a scroll of blinking
 x - 2 scrolls of poison
 Y - 5 scrolls of enchant armour {unknown}
 Z - a scroll of silence {unknown}
Potions
 f - 4 potions of haste
 i - 2 potions of brilliance
 j - a potion of might
 s - a potion of attraction
 w - a potion of curing
 B - 2 potions of resistance
 E - a potion of mutation
 H - a potion of flight
 P - a potion of degeneration {unknown}


   Skills:
 - Level 10.0 Fighting
 - Level 2.0 Short Blades
 + Level 2.6 Maces & Flails
 - Level 1.5 Dodging
 - Level 12.0 Stealth
 + Level 4.9 Spellcasting
 * Level 7.7 Necromancy
 + Level 2.3 Translocations
 + Level 5.7 Invocations


You had 11 spell levels left.
You knew the following spells:

 Your Spells              Type           Power      Damage    Failure   Level
m - Teleport Other        Tloc           8%         N/A       22%         3
q - Necrotise             Necr           84%        1d8       1%          1
y - Vampiric Draining     Necr           21%        2d7       2%          3

Your spell library contained the following spells:

 Spells                   Type           Power      Damage    Failure   Level
 Gell's Gravitas          Tloc           8%         N/A       22%         3
 Lesser Beckoning         Tloc           8%         N/A       22%         3
 Agony                    Necr           21%        N/A       24%         5


Dungeon Overview and Level Annotations

Branches:
Dungeon (10/15)            Temple (0/1) D:6
   Lair: D:8-11         Orc: D:9-12

Altars:
Sif Muna
Uskayaw

Shops:
D:2 *   D:4 ::   D:6 *

Annotations:
D:8 Grum, Psyche
D:9 Joseph


Innate Abilities, Weirdness & Mutations

You are a tree.
Your roots penetrate the ground, keeping you stationary.
You cannot be teleported.
You are immune to unholy pain and torment.
Your maximum health is greatly increased.
Your equipment is partially melded.
((Your serpentine skin is tough. (AC +3)))
You have supernaturally acute eyesight. (SInv)
((Armour fits poorly on your strangely shaped body.))
((Your system is resistant to poisons. (rPois)))
((You cover ground very slowly.))
You can spit poison.
((You have a snake-like lower body.))


Message History

The tengu warrior claws you.
Unknown command.
Unknown command.
You smack the tengu warrior!
You kill the tengu warrior!
Sif Muna accepts your kill.
Your Translocations skill increases to level 2!
Unknown command.
The +8 whip "Snakebite" {venom, curare, rPois} begins to drip with poison!
a - the +8 whip "Snakebite" (weapon)
{venom, curare, rPois} The shock serpent shoots out a bolt of lightning at you!
The bolt of electricity hits you!
Unknown command.
You hit the shock serpent.
The shock serpent is poisoned.
The shock serpent is moderately wounded.
The shock serpent bites you.
* * * LOW HITPOINT WARNING * * *
The shock serpent shocks you!
* * * LOW HITPOINT WARNING * * *
Unknown command.
You barely miss the shock serpent.
The shock serpent is moderately wounded.
The shock serpent bites you but does no damage. x2
Unknown command.
You feel better. The shock serpent bites you!
* * * LOW HITPOINT WARNING * * *
The shock serpent shocks you!
* * * LOW HITPOINT WARNING * * *
Unknown command.
Unknown command.
You miss the shock serpent.
The shock serpent is moderately wounded.
The shock serpent bites you but does no damage. x2
You hit the shock serpent.
The shock serpent is heavily wounded.
The shock serpent's electric aura discharges, shocking you!
* * * LOW HITPOINT WARNING * * *
The shock serpent shoots out a bolt of lightning at you!
The bolt of electricity hits you!!
You die...

#..# #### # #.#
#..###()' c####.#
#######..##..# #.
#>..####
.........##.8#$#
#..[...# #
#######..##'##?#
##.##### # ##)')Q.#.#
#)# # #÷#8..# '[ #)#
#### #S##'##$##'##)#
...### #.♣#.8#?# .#..#
##...### ##.# S###.
#.## ###...### #.##..
..##.# ###...###
##..#######..#
###...####......(.....#
###...#..#...######.#
###...###.(# #.# #####
##.## #.# #..# #.#


You could see a shock serpent (very poisoned).

Vanquished Creatures
  A centaur warrior (D:9)
  A tengu warrior (D:9)
  Amaemon (D:8)
  A cyclops (D:7)
  An orange demon (D:8)
  A troll (D:7)
  A hornet (D:8)
  Sigmund (D:2)
  Eustachio (D:6)
  A wraith (D:9)
  A yak (D:9)
  A basilisk (D:9)
  Edmund (D:6)
  A steam dragon (D:4)
  3 orc warriors
  2 ice beasts (D:6)
  3 sky beasts
  A black bear (D:4)
  2 wolves
  2 centaurs
  A kobold brigand (D:10)
  A phantom (D:7)
  2 bullfrogs
  Blork the orc (D:6)
  3 necrophages
  2 scorpions
  An electric eel (D:8)
  A howler monkey (D:9)
  2 jellies
  6 orc priests
  Natasha (thrice) (D:2)
  7 orc wizards
  An iguana (D:4)
  5 adders
  3 gnolls (D:4)
  A white imp (D:7)
  An ufetubus (D:4)
  3 worms
  3 dart slugs
  34 orcs
  4 bats
  10 endoplasms
  3 giant cockroaches (D:1)
  6 goblins
  12 hobgoblins
  2 jackals (D:2)
  2 quokkas (D:1)
  9 ball pythons
  A frilled lizard (D:2)
  14 kobolds
  4 rats
175 creatures vanquished.

Vanquished Creatures (others)
  A jelly (D:7)
  An orc (D:8)
2 creatures vanquished.

Grand Total: 177 creatures vanquished

Notes
Turn   | Place    | Note
-------+----------+-------------------------------------------
     0 | D:5      | Spectrina the Naga Delver began the quest for the Orb.
     0 | D:5      | Reached XP level 1. HP: 21/21 MP: 1/1
   172 | D:4      | Noticed a black bear
   230 | D:3      | Noticed an orc priest
   256 | D:2      | Reached XP level 2. HP: 10/28 MP: 2/2
   260 | D:2      | Reached skill level 8 in Stealth
   330 | D:2      | Noticed a scorpion
   348 | D:2      | Reached XP level 3. HP: 10/34 MP: 3/3
   534 | D:2      | Noticed Natasha
   541 | D:2      | Killed Natasha
   542 | D:2      | Reached skill level 9 in Stealth
   542 | D:2      | Reached XP level 4. HP: 24/42 MP: 4/4
   807 | D:2      | Found Kisuyg's Assorted Antiques.
   832 | D:2      | Bought a fizzy green potion for 22 gold pieces
   832 | D:2      | Bought an orange potion for 22 gold pieces
   832 | D:2      | Bought a sapphire potion for 22 gold pieces
   832 | D:2      | Bought a scroll labelled ICOGYE MAON for 25 gold pieces
   842 | D:2      | Noticed Natasha
   847 | D:2      | Killed Natasha
   848 | D:2      | Reached skill level 10 in Stealth
   848 | D:2      | Reached XP level 5. HP: 45/49 MP: 5/5
   855 | D:2      | Noticed Natasha
   860 | D:2      | Killed Natasha
   870 | D:2      | Noticed Sigmund
   873 | D:2      | Reached skill level 11 in Stealth
  1100 | D:4      | Reached XP level 6. HP: 56/56 MP: 6/6
  1122 | D:4      | Found Jaywkiok's Tremendous Tomes.
  1194 | D:4      | Noticed a steam dragon
  1208 | D:4      | Killed a steam dragon
  1209 | D:4      | Reached skill level 12 in Stealth
  1235 | D:4      | Found Ywnu Xiph's Book Boutique.
  1330 | D:5      | Reached XP level 7. HP: 40/66 MP: 7/7
  1445 | D:3      | Reached skill level 5 in Fighting
  1488 | D:2      | Bought a scroll labelled JETONTELLE for 25 gold pieces
  1560 | D:2      | Killed Sigmund
  1825 | D:3      | Found a shimmering blue altar of Sif Muna.
  1828 | D:3      | Found a hide-covered altar of Uskayaw.
  1861 | D:3      | Became a worshipper of Sif Muna the Loreminder
  2078 | D:4      | Reached XP level 8. HP: 58/78 MP: 8/8
  2348 | D:6      | Noticed Eustachio
  2461 | D:6      | Found Nopov's General Store.
  2467 | D:6      | Noticed Edmund
  2484 | D:6      | Killed Edmund
  2495 | D:6      | Bought a scroll of identify for 20 gold pieces
  2626 | D:7      | Noticed a cyclops
  2712 | D:6      | Found a staircase to the Ecumenical Temple.
  2871 | D:6      | Learned a level 1 spell: Necrotise
  2878 | D:6      | Learned a level 3 spell: Vampiric Draining
  2879 | D:6      | Noticed Blork the orc
  3084 | D:6      | Killed Blork the orc
  3197 | D:6      | Reached skill level 1 in Necromancy
  3197 | D:6      | Reached skill level 1 in Invocations
  3197 | D:6      | Reached XP level 9. HP: 91/91 MP: 8/10
  3201 | D:6      | Reached skill level 1 in Spellcasting
  3301 | D:6      | Identified the +0 scale mail "Lossog" {*Slow rPois rCorr
                  | Slay-5}
  3314 | D:6      | Killed Eustachio
  3368 | D:6      | Reached * piety under Sif Muna
  3457 | D:7      | Killed a cyclops
  3548 | D:7      | Noticed a troll
  3556 | D:7      | Killed a troll
  3645 | D:7      | Learned a level 3 spell: Teleport Other
  3785 | D:8      | Noticed Amaemon
  3841 | D:8      | Noticed a hornet
  3853 | D:8      | Killed a hornet
  3854 | D:8      | Reached skill level 10 in Fighting
  3854 | D:8      | Reached skill level 5 in Necromancy
  3864 | D:8      | Noticed Psyche
  3945 | D:7      | Reached XP level 10. HP: 101/102 MP: 13/15
  3946 | D:7      | Identified the +0 pair of boots of Valiance {-Cast Regen+
                  | Dex+8}
  4066 | D:8      | Noticed an orange demon
  4111 | D:8      | Killed an orange demon
  4144 | D:8      | Killed Amaemon
  4371 | D:8      | Noticed Grum
  4395 | D:9      | Reached skill level 5 in Invocations
  4459 | D:10     | Entered Level 10 of the Dungeon
  4581 | D:9      | Noticed a centaur warrior
  4585 | D:9      | Reached skill level 1 in Maces & Flails
  4594 | D:9      | Reached skill level 1 in Translocations
  4599 | D:9      | Killed a centaur warrior
  4602 | D:9      | Noticed a tengu warrior
  4641 | D:9      | Noticed Joseph
  4700 | D:9      | Reached ** piety under Sif Muna
  4831 | D:9      | Noticed a shock serpent
  4850 | D:9      | Killed a tengu warrior
  4856 | D:9      | Killed from afar by a shock serpent (shapeshifter)

Illustrated notes

Levels and vault maps discovered:
D:1:      noname_arrival_rooms_in_the_neighbourhood, layout_rooms,
          chequers_ecumenical_altar_twisty, lemuel_old_faithful
D:2:      layout_rooms, serial_shops, shop, uniq_natasha, uniq_sigmund
D:3:      layout_loops_cross, jmf_multi_god_temple, serial_rivers,
          chequers_serial_rivers_large_a, chequers_serial_rivers_micro_d,
          chequers_serial_rivers_room_a, chequers_serial_rivers_micro_c,
          chequers_serial_rivers_micro_a, chequers_serial_rivers_room_b,
          minmay_bisected
D:4:      layout_basic, serial_shops, nicolae_shop_hallway_stairs,
          nicolae_shop_i_like_big_books, uniq_ijyb
D:5:      layout_gridville
D:6:      layout_basic, minmay_temple_entry_hall, serial_shops, shop,
          uniq_edmund, uniq_eustachio, uniq_blork_the_orc
D:7:      layout_cave_pools, serial_bayou_pond_c
D:8:      layout_loops_ring, minivault_4, hangedman_decor_points, uniq_amaemon,
          uniq_grum, uniq_psyche
D:9:      minmay_chambers_of_sixes, layout_basic, uniq_joseph
D:10:     layout_layer_cave, erik_lair_dragon

Skill      XL: |  1  2  3  4  5  6  7  8  9 10 |
---------------+-------------------------------+-----
Stealth        | 8 9 10 11 12 | 12.0
Fighting       | 4 6 9 10 | 10.0
Necromancy     | 1 5 7 |  7.7
Invocations    | 1 3 5 |  5.7
Spellcasting   | 3 4 |  4.9
Maces & Flails | 2 |  2.6
Translocations | 2 |  2.3
Short Blades   | |  2.0
Dodging        | |  1.5

Action                   |  1- 3 |  4- 6 |  7- 9 | 10-12 || total
-------------------------+-------+-------+-------+-------++-------
Melee: Short sword       |    38 |    10 |       |       ||    48
       Punch             |     1 |       |       |     1 ||     2
       Dagger            |       |    71 |    63 |       ||   134
       Halberd           |       |       |   106 |    25 ||   131
       Whip              |       |       |       |    45 ||    45
       Unarmed           |       |       |       |    12 ||    12
 Fire: Sling             |       |       |     5 |     2 ||     7
Throw: Javelin           |       |       |    14 |     2 ||    16
 Abil: Spit Poison       |    17 |    22 |    42 |     7 ||    88
Evoke: Wand              |       |       |     2 |     3 ||     5
  Use: Scroll            |       |     1 |    12 |     3 ||    16
       Potion            |       |       |     1 |     7 ||     8
 Stab: Sleeping          |     4 |    24 |    16 |     6 ||    50
       Distracted        |       |       |     1 |     1 ||     2
Armor: Leather armour    |    11 |    14 |    23 |       ||    48
       Robe              |       |       |     8 |    29 ||    37
       Skin              |       |       |       |    20 ||    20
Dodge: Dodged            |    13 |    23 |    66 |    43 ||   145
Block: Other             |       |       |    11 |    21 ||    32
       Reflection        |       |       |     1 |       ||     1

Table legend: (Time is in decaauts)
 A = Elapsed time spent in this place.
 B = Non-inter-level travel time spent in this place.
 C = Inter-level travel time spent in this place.
 D = Time resting spent in this place.
 E = Time spent auto-exploring this place.
 F = Levels seen in this place.
 G = Mean time per level.
                   A        B        C        D        E       F      G
               +--------+--------+--------+--------+--------+-----+--------+
         Total |   6503 |   5626 |    877 |     13 |      0 |  10 |  650.3 |
       Dungeon |   6503 |   5626 |    877 |     13 |      0 |  10 |  650.3 |
               +--------+--------+--------+--------+--------+-----+--------+

Top non-repeatable levels by time:
     D:6: 1190 daAuts
     D:4: 885 daAuts
     D:3: 825 daAuts
     D:8: 787 daAuts
     D:2: 704 daAuts
     D:5: 610 daAuts
     D:7: 595 daAuts
     D:9: 581 daAuts
     D:1: 292 daAuts
    D:10: 30 daAuts
